 Dungeon Crawl Stone Soup version 0.27.1-2-g3b301248ec (webtiles) character file.

Game seed: 427364107736661387

36 DoubleLucky the Caller (level 3, 0/19 HPs)
             Began as a Tengu Summoner on Sept 26, 2021.
             Slain by an adder (4 damage)
             ... on level 2 of the Dungeon.
             The game lasted 00:04:48 (1794 turns).

DoubleLucky the Caller (Tengu Summoner)             Turns: 1794, Time: 00:04:49

Health: 0/19       AC:  3    Str:  9    XL:     3   Next: 37%
Magic:  7/8        EV: 12    Int: 15    God:
Gold:   24         SH:  0    Dex: 14    Spells: 4/7 levels left

rFire    . . .     SeeInvis .   f - +0 dagger
rCold    . . .     Faith    .   (no shield)
rNeg     . . .     Spirit   .   a - +0 robe
rPois    .         Reflect  .   (helmet restricted)
rElec    .         Harm     .   c - +0 cloak
rCorr    .         Rampage  .   (no gloves)
Will     .....                  (boots unavailable)
Stlth    ++........             (no amulet)
HPRegen  0.06/turn              (no ring)
MPRegen  0.11/turn              (no ring)

@: lethally poisoned (0 -> -3)
A: beak, talons 3
a: no special abilities


You were on level 2 of the Dungeon.
You visited 1 branch of the dungeon, and saw 2 of its levels.

You collected 24 gold pieces.

Inventory:

Hand Weapons
 b - a +0 whip
 f - a +0 dagger (weapon)
Armour
 a - a +0 robe (worn)
 c - a +0 cloak (worn)
 j - a +0 leather armour
Scrolls
 d - a scroll of summoning {unknown}
 g - a scroll of magic mapping {unknown}
 h - a scroll of identify {unknown}
Potions
 e - a potion of heal wounds {unknown}
 i - a potion of magic {unknown}


   Skills:
 - Level 2.1 Dodging
 - Level 2.0 Stealth
 + Level 2.8 Spellcasting
 + Level 5.5 Summonings


You had 4 spell levels left.
You knew the following spells:

 Your Spells              Type           Power      Damage    Failure   Level
a - Summon Small Mammal   Summ           72%        N/A       1%          1
b - Call Imp              Summ           18%        N/A       3%          2

Your spell library contained the following spells:

 Spells                   Type           Power      Damage    Failure   Level
 Call Canine Familiar     Summ           18%        N/A       6%          3
 Summon Guardian Golem    Hex/Summ       10%        N/A       21%         3
 Sublimation of Blood     Necr           1%         N/A       30%         2
 Wereblood                Tmut           2%         N/A       30%         2
 Summon Lightning Spire   Summ/Air       10%        N/A       54%         4
 Summon Hydra             Summ           9%         N/A       100%        7


Dungeon Overview and Level Annotations

Branches:
Dungeon (2/15)

Altars:


Innate Abilities, Weirdness & Mutations

You have a beak for a mouth.
You have claws for feet.


Message History

Confirm with . or Enter, or press ? or * to list all spells.
The bat hits your rat.
You swap places.
The bat hits you but does no damage. x2
The bat misses you.
You barely miss the bat. The bat misses you.
A rat comes into view.
You hit the bat. You peck the bat.
You kill the bat!
You hit the rat but do no damage. You claw the rat, but do no damage.
The rat misses you.
You hit the rat but do no damage. You claw the rat.
You kill the rat!
You see here a rat corpse.
You see here a +0 robe.
You swap places.
You see here a +0 robe.
You see here a rat corpse.
An adder comes into view.
Casting: Summon Small Mammal (safe; 1% risk of failure)
Confirm with . or Enter, or press ? or * to list all spells.
The adder hisses angrily.
Your quokka barely misses the adder.
The adder bites you.
Your rat closely misses the adder.
You hit the adder but do no damage.
Your quokka barely misses the adder.
The adder bites you.
You are poisoned.
The adder poisons you!
Your rat misses the adder. You closely miss the adder.
You feel sick.
Your quokka barely misses the adder.
The adder bites you.
Your rat bites the adder.
You hit the adder. Your peck misses the adder.
The adder is moderately wounded.
You feel sick.
Your quokka misses the adder. The adder bites you.
Your quokka misses the adder. The adder bites you.
* * * LOW HITPOINT WARNING * * *
Your rat bites the adder.
You hit the adder. You claw the adder. Your peck misses the adder.
The adder is almost dead.
* * * LOW HITPOINT WARNING * * *
You feel sick. The adder bites you.
You die...

....... #..#.#..†..#
.......#######..#.#....##
.......#........#...##)##
#....#.######.###.##.#.
###....#........###....#.
........[................
..#######†#<##########...
#....r###### #...
#...@S.....# #...
####.r####.# ##.# ......
#.# #.###..... #.# ..
...###.. #.# .# #..# .
#.# #### #.# #.# #.#


You could see an adder (ally target), a friendly quokka (summoned) and a
friendly rat (summoned).

Vanquished Creatures
  A dart slug (D:2)
  An endoplasm (D:1)
  3 giant cockroaches
  A hobgoblin (D:1)
  A jackal (D:1)
  A kobold (D:1)
  A quokka (D:1)
  3 bats
  2 frilled lizards (D:2)
  2 goblins (D:1)
  A rat (D:2)
17 creatures vanquished.

Vanquished Creatures (collateral kills)
  An adder (D:2)
  A worm (D:2)
  A dart slug (D:1)
  2 endoplasms (D:1)
  A hobgoblin (D:1)
  3 jackals (D:1)
  A ball python (D:1)
  2 frilled lizards (D:1)
  2 goblins (D:1)
  A rat (D:1)
15 creatures vanquished.

Grand Total: 32 creatures vanquished

Notes
Turn   | Place    | Note
-------+----------+-------------------------------------------
     0 | D:1      | DoubleLucky the Tengu Summoner began the quest for the Orb.
     0 | D:1      | Reached XP level 1. HP: 10/10 MP: 4/4
   112 | D:1      | Reached skill level 5 in Summonings
   170 | D:1      | Reached XP level 2. HP: 7/15 MP: 0/6
   892 | D:1      | Found a faded altar of an unknown god.
  1443 | D:1      | Learned a level 2 spell: Call Imp
  1524 | D:2      | Reached XP level 3. HP: 19/19 MP: 2/7
  1794 | D:2      | Slain by an adder

Illustrated notes

Levels and vault maps discovered:
D:1:      dpeg_arrival_morbid_curiosity, layout_basic,
          chequers_ecumenical_altar_simple
D:2:      layout_basic, kennysheep_generic_room_2

Skill      XL: |  1 |
---------------+----+-----
Summonings     | 5 |  5.5
Dodging        | |  2.1
Stealth        | |  2.0
Spellcasting   | |  2.8

Action                   || total
-------------------------++-------
Melee: Whip              ||    18
       Kick              ||    19
       Dagger            ||    23
       Peck              ||     3
 Cast: Summon Small Mamm ||    34
 Stab: Sleeping          ||     3
Armor: Robe              ||    10
Dodge: Dodged            ||    25
